AoeStats
← thenewt7

MegaRandom

510494817Analyzed
2v2 RM · 18h ago on Oct 1, 2026· 26m 59s· 4 players
Game mode
Random Map
Map size
Medium (4 player)
Population
200
Speed
Normal
Resources
Standard
Victory
Conquest
Starting age
Dark Age
Ending age
Imperial Age
RankedLock teamsTeams togetherTeam positionsShared explorationLock speedFull tech treeHidden civsTurbo modeCheats
Victory
Defeat
🇫🇷 Italians · France
999
+15
🇫🇷 Wu · France
940
+18
🇭🇷 Inca · Croatia
993
-17
🇺🇸 Danes · United States
960
-16
thenewt7
0:35 Loom
12:07 Feudal Age
13:39 Double-Bit Axe
13:36 Man-at-Arms
14:37 Horse Collar
17:11 Forging
17:02 Scale Mail Armor
24:06 Castle Age
Russian version of Elon
15:01 Feudal Age
16:32 Wheelbarrow
16:59 Champi Runner
Titou
8:05 Loom
8:10 Loom
11:27 Feudal Age
12:23 Double-Bit Axe
13:00 Horse Collar
14:31 Fletching
15:15 Padded Archer Armor
18:23 Wheelbarrow
21:41 Castle Age
22:40 Thumb Ring
21:59 Crossbowman
22:44 Thumb Ring
22:37 Bodkin Arrow
24:01 Town Watch
26:20 Hand Cart
26:25 Bow Saw
26:56 Ballistics
Stupefly
3:24 Loom
12:11 Feudal Age
12:51 Double-Bit Axe
15:37 Bloodlines
16:18 Horse Collar
20:21 Forging
26:45 Castle Age
25:12 Scale Barding Armor
27:01 Gold Mining
27:02 Stone Mining
27:51 Wheelbarrow
Connection lost

Rejoining the realm…

Still unreachable

The connection could not be restored.

Session expired

The server has moved on; the page needs a fresh start.